 Dungeon Crawl Stone Soup version 0.23-a0-404-g0063841 (webtiles) character file.

87 Jawreze the Skirmisher (level 4, 41/41 HPs)
             Began as a Hill Orc Fighter on Nov 3, 2018.
             Quit the game on level 2 of the Dungeon on Nov 5, 2018.
             The game lasted 00:10:17 (2422 turns).

Jawreze the Skirmisher (Hill Orc Fighter)           Turns: 2422, Time: 00:10:17

Health: 41/41      AC:  6    Str: 18    XL:     4   Next: 51%
Magic:  4/4        EV:  7    Int:  9    God:
Gold:   176        SH:  9    Dex: 10    Spells: 3/3 levels left

rFire    . . .     SeeInvis .   a - +0 flail
rCold    . . .     Gourm    .   c - +0 shield
rNeg     . . .     Faith    .   b - +0 scale mail
rPois    .         Spirit   .   (no helmet)
rElec    .         Reflect  .   (no cloak)
rCorr    .         Harm     .   (no gloves)
MR       .....                  (no boots)
Stlth    ..........             (no amulet)
HPRegen  0.13/turn              (no ring)
MPRegen  0.09/turn              (no ring)

@: no status effects
A: no striking features
a: no special abilities


You were on level 2 of the Dungeon.
You were not hungry.

You visited 1 branch of the dungeon, and saw 3 of its levels.

You collected 176 gold pieces.

Inventory:

Hand Weapons
 a - a +0 flail (weapon)
Armour
 b - a +0 scale mail (worn)
 c - a +0 shield (worn)
Jewellery
 m - an uncursed ring of resist corrosion {unknown}
 p - a +3 ring of strength {unknown}
 r - a +3 ring of dexterity {unknown}
Wands
 q - a wand of flame (26)
Scrolls
 e - 2 scrolls of enchant armour {unknown}
 g - 2 scrolls of fog {unknown}
 h - 5 scrolls of identify {unknown}
 i - 3 scrolls of teleportation {unknown}
 l - a scroll of enchant weapon {unknown}
 s - a scroll of blinking {unknown}
Potions
 d - a potion of might
 k - a potion of degeneration {unknown}
 n - a potion of brilliance {unknown}
 o - a potion of heal wounds {unknown}
Comestibles
 f - 6 rations


   Skills:
 + Level 4.3 Fighting
 * Level 3.9 Maces & Flails
 - Level 3.2 Armour
 + Level 4.0 Shields


You had 3 spell levels left.
You didn't know any spells.
Your spell library was empty.

Dungeon Overview and Level Annotations

Branches:
Dungeon (3/15)

Altars:
Kikubaaqudgha

Annotations:
D:3 Sigmund


Message History

You start resting.
Eating one of 9 chunks of flesh.
You eat one of the 9 chunks of flesh.
This raw flesh tastes terrible.
Some of the chunks of flesh in your inventory have rotted away. x3
All of the chunks of flesh in your inventory have rotted away.
HP restored.
You see here a +1 hand axe of electrocution.
Sigmund the Dreaded comes into view.
He is wielding a +4 vampiric scythe.
Sigmund shouts!
You see here a +1 hand axe of electrocution.
Sigmund mumbles some strange words.
Sigmund flickers and vanishes!
Deactivating autopickup; reactivate with Ctrl-A.
There is a stone staircase leading up here.
You climb upwards.
Reactivating autopickup.
There is a stone staircase leading down here.
Welcome back, Jawreze the Hill Orc Fighter.
Press ? for a list of commands and other information.
Are you sure you want to abandon this character and quit the game? (Confirm

##........ #..#......
#.######..
##########.# ###.#
##...##.....# ##....
##..........####...##
#.................(..
#.....รท......###...##
#...@........##...#..
##..........###..#...
##...##...## #......
########## ##......
###....... #....#....
#..###>... #### #....
##...


There were no monsters in sight!

Vanquished Creatures
  3 adders
  2 dart slugs
  3 leopard geckos (D:1)
  An orc (D:3)
  A ball python (D:1)
  8 bats
  2 giant cockroaches
  7 goblins
  6 hobgoblins
  2 jackals (D:3)
  6 kobolds
  7 rats
48 creatures vanquished.

Vanquished Creatures (others)
  A plant (D:3)
1 creature vanquished.

Grand Total: 49 creatures vanquished

Notes
Turn   | Place    | Note
-------+----------+-------------------------------------------
     0 | D:1      | Jawreze the Hill Orc Fighter began the quest for the Orb.
     0 | D:1      | Reached XP level 1. HP: 19/19 MP: 1/1
   310 | D:1      | Reached XP level 2. HP: 17/27 MP: 2/2
  1066 | D:1      | Reached XP level 3. HP: 32/33 MP: 3/3
  1451 | D:2      | Found an ancient bone altar of Kikubaaqudgha.
  1522 | D:2      | Reached XP level 4. HP: 15/40 MP: 4/4
  2402 | D:3      | Noticed Sigmund
  2422 | D:2      | Upgraded the game from 0.23-a0-398-g8eab93f to
                  | 0.23-a0-404-g0063841
  2422 | D:2      | Quit the game

Vault maps used:
D:1:      psy_arrival_basics
D:2:      lemuel_round_altar
D:3:      grunt_dithmenos_smoke, cheibriados_altar_1, serial_forest,
          infiniplex_forest_end_1, infiniplex_forest_diagonal,
          infiniplex_forest_straight_3, infiniplex_forest_clump_diagonal,
          infiniplex_forest_straight_5, infiniplex_forest_clump_small,
          infiniplex_forest_clump_curved, infiniplex_forest_lined_2,
          uniq_sigmund

Skill      XL: |  1  2  3  4 |
---------------+-------------+-----
Maces & Flails | 3 |  3.9
Fighting       | 4 |  4.3
Shields        | 4 |  4.0
Armour         | |  3.2

Action                   |  1- 3 |  4- 6 || total
-------------------------+-------+-------++-------
Melee: Flail             |   120 |    50 ||   170
  Eat: Chunk             |     2 |     3 ||     5
Armor: Scale mail        |    65 |    21 ||    86
Dodge: Dodged            |    31 |    18 ||    49
Block: Shield            |    58 |    21 ||    79

Table legend:
 A = Non-vault XP
 B = Vault XP
 C = Vault XP percentage of total XP
 D = Non-vault monster count
 E = Vault monster count
 F = Vault count percentage of total count
                 A         B        C        D         E       F
            +---------+---------+-------+---------+---------+-------
      Total |     125 |       0 |   0.0 |      48 |       0 |   0.0
            +---------+---------+-------+---------+---------+-------
        D:1 |      43 |       0 |   0.0 |      21 |       0 |   0.0
        D:2 |      45 |       0 |   0.0 |      12 |       0 |   0.0
        D:3 |      37 |       0 |   0.0 |      15 |       0 |   0.0
            +---------+---------+-------+---------+---------+-------
